 Dungeon Crawl Stone Soup version 0.30-a0-23-ge60ba3568b (webtiles) character file.

Game seed: 1785955990509931890

184 Hubris850 the Cudgeller (level 6, -1/51 HPs)
             Began as a Meteoran Cinder Acolyte on Aug 25, 2022.
             Was a High Priest of Ignis.
             Slain by a river rat (7 damage)
             ... in a sewer.
             The game lasted 00:09:46 (1281 turns).

Hubris850 the Cudgeller (Meteoran Cinder Acolyte)   Turns: 1281, Time: 00:09:47

Health: -1/51      AC:  4    Str: 15    XL:     6   Next: 18%
Magic:  2/9        EV: 12    Int: 18    God:    Ignis [*****.]
Gold:   192        SH:  0    Dex: 10    Spells: 4/7 levels left

rFire   + . .      SeeInvis .    a - -1 mace (flame)
rCold   . . .      Faith    .    (no shield)
rNeg    . . .      Spirit   .    e - +0 leather armour
rPois   .          Reflect  .    (no helmet)
rElec   .          Harm     .    (no cloak)
rCorr   .          Rampage  .    (no gloves)
Will    .....                    c - +0 pair of boots
Stlth   +.........               (no amulet)
HPRegen 0.17/turn                (no ring)
MPRegen 0.11/turn                (no ring)

@: very slightly contaminated, glowing
A: sense surroundings 1, otherworldly, glowing, explore regen
a: Renounce Religion, Fiery Armour, Foxfire Swarm, Rising Flame


You were in a sewer.
You worshipped Ignis.
Ignis was extremely pleased with you.
You visited 1 branch of the dungeon, and saw 5 of its levels.
You also visited: Sewer.

You collected 192 gold pieces.

Inventory:

Hand Weapons
 a - a -1 mace of flaming (weapon)
 p - a +0 flail
Missiles
 h - 3 silver boomerangs
Armour
 b - a +0 robe
 c - a +0 pair of boots (worn)
 e - a +0 leather armour (worn)
Magical Staves
 l - a staff of death
Scrolls
 f - a scroll of blinking {unknown}
 g - a scroll of fear {unknown}
 j - a scroll of enchant weapon {unknown}
 k - 2 scrolls of teleportation {unknown}
 m - a scroll of immolation {unknown}
Potions
 d - a potion of mutation {unknown}
 i - a potion of flight {unknown}
 n - a potion of heal wounds {unknown}
 o - 2 potions of cancellation {unknown}


   Skills:
 - Level 3.3 Fighting
 + Level 5.6 Maces & Flails
 + Level 3.4 Armour
 + Level 3.4 Dodging
 - Level 1.4 Spellcasting
 - Level 3.6 Fire Magic


You had 4 spell levels left.
You knew the following spells:

 Your Spells              Type           Power      Damage    Failure   Level
a - Scorch                Fire           28%        2d6       9%          2
b - Foxfire               Conj/Fire      28%        2x1d5     11%         1

Your spell library contained the following spells:

 Spells                   Type           Power      Damage    Failure   Level
 Conjure Flame            Conj/Fire      7%         6-21      32%         3
 Inner Flame              Hex/Fire       7%         N/A       32%         3
 Gell's Gravitas          Tloc           1%         N/A       56%         3
 Teleport Other           Tloc           1%         N/A       56%         3
 Flame Wave               Conj/Fire      7%         2d5       73%         4
 Dispersal                Tloc           0%         N/A       100%        6


Dungeon Overview and Level Annotations

Branches:
Dungeon (6/15) Zot: 1849    Sewer (1/1) Zot: 409
 Temple: D:4-7

Altars:
Dithmenos
Elyvilon
Gozag
Hepliaklqana
Kikubaaqudgha
Ru
Trog
Yredelemnul

Annotations:
D:6 2 transporters, gregwegmann's ghost, novice DECj


Innate Abilities, Weirdness & Mutations

You passively map a small area around you.
You are easily found by Zot.
You glow in the dark.
You regain HP and MP as you explore.


Message History

The river rat is moderately wounded.
The river rat bites you but does no damage.
The river rat misses you.
You hit the river rat but do no damage.
The river rat is moderately wounded.
The river rat closely misses you.
You miscast Scorch.
You are very lightly contaminated with residual magic.
Nothing appears to happen.
The river rat bites you. x3
Flames lash the river rat.
The river rat is severely wounded.
The river rat's fire resistance burns away.
The river rat bites you. The river rat completely misses you.
The river rat bites you.
Flames lash the river rat.
The river rat is severely wounded.
The river rat's fire resistance burns away.
The river rat misses you. The river rat bites you.
The river rat barely misses you.
Flames lash the river rat.
The river rat is burned terribly!
You kill the river rat!
The river rat bites you.
The river rat bites you but does no damage.
You hit the river rat but do no damage.
The river rat is severely wounded.
The river rat barely misses you. The river rat bites you!
You barely miss the river rat. Your punch misses the river rat.
The river rat is severely wounded.
The river rat bites you but does no damage.
The river rat misses you. The river rat bites you.
* * * LOW HITPOINT WARNING * * *
The river rat bites you.
* * * LOW HITPOINT WARNING * * *
You barely miss the river rat.
The river rat is severely wounded.
The river rat is no longer more vulnerable to fire.
The river rat bites you!
* * * LOW HITPOINT WARNING * * *
The river rat bites you!
You die...

#################################
~~.~~.~~..~.~~~†.~~~~~.~~†~~.~~~≈
≈≈≈≈≈≈≈≈≈≈≈≈≈≈≈≈≈≈≈≈≈≈≈≈≈≈≈≈≈≈≈.≈
~.~~.~~~~.~~~~~.~~~~~~~~...~~~≈~≈
###~≈~#######################~≈~#
#~≈~# ###### ###### #~≈~# #~≈~#
#.... #....# #~≈.# #~≈.#
#####rr#####''#####~≈~# #~≈~#
#∩...†@.........~~~~~.#
#∩..............~~~~~~# ~
#####++#####''#####~≈~# * * ,,,
#....# #~≈.# * * * ###### #~≈.# *
** * #~≈~# ~ ~ ~ , ~~~≈~# ~ ~ ~
≈≈~≈.# .~~≈~#


You could see 2 river rats.

Vanquished Creatures
  A gnoll bouda (D:5)
  3 gnolls (D:5)
  5 adders
  2 river rats (Sewer)
  3 worms (Sewer)
  3 dart slugs
  2 orcs
  4 ball pythons
  4 endoplasms
  5 giant cockroaches
  2 hobgoblins (D:1)
  A jackal (Sewer)
  4 quokkas
  4 bats
  2 frilled lizards
  A goblin (D:1)
  3 kobolds
  8 rats
57 creatures vanquished.

Notes
Turn   | Place    | Note
-------+----------+-------------------------------------------
     0 | D:1      | Hubris850 the Meteoran Cinder Acolyte began the quest for
                  | the Orb.
     0 | D:1      | Reached XP level 1. HP: 19/19 MP: 3/3
   112 | D:1      | Reached XP level 2. HP: 24/26 MP: 5/5
   115 | D:1      | Learned a level 2 spell: Scorch
   140 | D:1      | Reached skill level 1 in Armour
   140 | D:1      | Reached skill level 1 in Dodging
   175 | D:1      | Learned a level 1 spell: Foxfire
   191 | D:2      | Reached XP level 3. HP: 26/31 MP: 3/6
   371 | D:2      | Found a faded altar of an unknown god.
   456 | D:2      | Reached XP level 4. HP: 38/38 MP: 7/7
   934 | D:3      | You fall into a shaft and drop 3 floors!
   934 | D:6      | Found a shadowy altar of Dithmenos.
   934 | D:6      | Found a white marble altar of Elyvilon.
   934 | D:6      | Found an ancient bone altar of Kikubaaqudgha.
   934 | D:6      | Found an opulent altar of Gozag.
   934 | D:6      | Found a sacrificial altar of Ru.
   934 | D:6      | Found a bloodstained altar of Trog.
   934 | D:6      | Found a basalt altar of Yredelemnul.
   934 | D:6      | Found a hazy altar of Hepliaklqana.
   987 | D:6      | Found a transporter.
   990 | D:6      | Found a transporter.
   995 | D:6      | Noticed gregwegmann's ghost (novice DECj)
   995 | D:6      | Noticed an ogre
   996 | D:6      | Noticed an ogre
  1008 | D:5      | Entered Level 5 of the Dungeon
  1049 | D:5      | Reached skill level 5 in Maces & Flails
  1049 | D:5      | Reached XP level 5. HP: 38/45 MP: 2/8
  1122 | D:5      | Found a glowing drain.
  1126 | Sewer    | Entered a sewer
  1160 | Sewer    | Reached XP level 6. HP: 48/51 MP: 6/9
  1281 | Sewer    | Slain by a river rat

Illustrated notes

Levels and vault maps discovered:
D:1:      pf_arrival_petrified_forest, layout_loops_ring, chequers_arboretum
D:2:      layout_basic, shapermc_ecumenical_altar_notcrosses,
          minmay_large_rounded_square, minmay_pentomino_z2
D:3:      layout_loops_cross
D:5:      layout_basic, chequers_temple_overflow_statue_of_worship,
          gup_sewer_entry_bowl
D:6:      layout_rooms, grunt_temple_overflow_open, temple_statues,
          gammafunk_ghost_smash, minmay_ruffians
Sewer:    sewer_fruit_machine

Skill      XL: |  1  2  3  4  5 |
---------------+----------------+-----
Armour         | 1 2 3 |  3.4
Dodging        | 1 2 3 |  3.4
Maces & Flails | 5 |  5.6
Fighting       | |  3.3
Spellcasting   | |  1.4
Fire Magic     | |  3.6

Action                   |  1- 3 |  4- 6 || total
-------------------------+-------+-------++-------
Melee: Mace              |    55 |   109 ||   164
       Punch             |     1 |     2 ||     3
 Cast: Scorch            |     6 |    12 ||    18
Invok: Fiery Armour      |       |     1 ||     1
Armor: Leather armour    |    26 |    55 ||    81
       Robe              |     1 |       ||     1
Dodge: Dodged            |    32 |    68 ||   100

Table legend: (Time is in decaauts)
 A = Elapsed time spent in this place.
 B = Non-inter-level travel time spent in this place.
 C = Inter-level travel time spent in this place.
 D = Time resting spent in this place.
 E = Time spent auto-exploring this place.
 F = Levels seen in this place.
 G = Mean time per level.
                   A        B        C        D        E       F      G
               +--------+--------+--------+--------+--------+-----+--------+
         Total |   1340 |   1340 |      0 |      0 |      0 |   6 |  223.3 |
       Dungeon |   1150 |   1150 |      0 |      0 |      0 |   5 |  230.0 |
         Sewer |    189 |    189 |      0 |      0 |      0 |   1 |  189.0 |
               +--------+--------+--------+--------+--------+-----+--------+

Top non-repeatable levels by time:
     D:2: 525 daAuts
     D:3: 218 daAuts
     D:1: 207 daAuts
   Sewer: 189 daAuts
     D:5: 126 daAuts
     D:6: 73 daAuts
